 Dungeon Crawl Stone Soup version 0.29-a0-925-g0a7a3d12f8 (webtiles) character file.

Game seed: 12684719154640532980

38 Spectrina the Magician (level 3, 0/25 HPs)
             Began as a Djinni Venom Mage on July 29, 2022.
             Slain by an adder (2 damage)
             ... on level 3 of the Dungeon.
             The game lasted 00:03:09 (305 turns).

Spectrina the Magician (Djinni Venom Mage)           Turns: 305, Time: 00:03:11

Health: 0/25       AC:  7    Str:  5 (7)  XL:     3   Next: 65%
Gold:   37         EV:  9    Int: 16 (18) God:
                   SH:  0    Dex:  9 (11)

rFire   + + +      SeeInvis .   b - +0 sling
rCold   x . .      Faith    .   (no shield)
rNeg    . . .      Spirit   .   f - +2 ring mail {rF+}
rPois   ∞          Reflect  .   (no helmet)
rElec   .          Harm     .   (no cloak)
rCorr   .          Rampage  .   (no gloves)
Will    .....      Clarity  +   (boots unavailable)
Stlth   +.........              (no amulet)
HPRegen 0.08/turn               (no ring)
MPRegen 0.00/turn               (no ring)

@: flying, very slightly contaminated
A: sickness immunity, fire resistance 2, cold vulnerability 1, float, innate
caster, HP casting, extra vitality 1, clarity, clumsy 1
a: no special abilities


You were on level 3 of the Dungeon.
You visited 1 branch of the dungeon, and saw 3 of its levels.

You collected 37 gold pieces.

Inventory:

Hand Weapons
 b - a +0 sling (weapon)
Missiles
 k - 5 atropa-tipped darts
Armour
 a - a +0 robe
 f - a +2 ring mail of fire resistance (worn)
 i - a +0 ring mail
Scrolls
 c - a scroll of enchant armour {unknown}
 e - 2 scrolls of fear {unknown}
 g - a scroll of noise {unknown}
 h - a scroll of teleportation {unknown}
Potions
 d - a potion of mutation
 j - a potion of lignification {unknown}


   Skills:
 - Level 2.1 Dodging
 - Level 1.5 Stealth
 + Level 3.4 Spellcasting


You couldn't memorise any spells.
You knew the following spells:

 Your Spells              Type           Power      Damage    Failure   Level
a - Sting                 Tmut/Pois      52%        1d5       22%         1
c - Mephitic Cloud        Conj/Pois/Air  13%        N/A       54%         3
d - Olgreb's Toxic Radia  Pois           13%        N/A       91%         4
l - Beastly Appendage     Tmut           26%        N/A       22%         1
q - Poisonous Vapours     Pois/Air       26%        N/A       32%         2
Your spell library was empty.

Dungeon Overview and Level Annotations

Branches:
Dungeon (3/15)

Altars:


Innate Abilities, Weirdness & Mutations

You are immune to sickness and miasma.
You are immune to poison.
Your flesh is very heat resistant. (rF++)
You are vulnerable to cold. (rC-)
You float through the air rather than walking.
You learn spells naturally, not from books.
Your magical power is your life essence.
You have superior vitality. (+4 MHP)
You possess an exceptional clarity of mind.
You are clumsy. (Dex -2)


Message History

Aiming: Sting (safe; 22% risk of failure)
Press: ? - help, Shift-Dir - straight line, f - adder, p - rat
Aim: an adder (wandering, hasn't noticed you, 53% to hit)
You miscast Sting.
You are very lightly contaminated with residual magic.
Nothing appears to happen.
* * * LOW HITPOINT WARNING * * *
The adder hisses angrily.
The rat bites you but does no damage.
Unknown command.
Casting: Sting (safe; 22% risk of failure)
Confirm with . or Enter, or press ? or * to list all spells.
Aiming: Sting (safe; 22% risk of failure)
Press: ? - help, Shift-Dir - straight line, f/p - adder
Aim: an adder (53% to hit)
The sting hits the rat.
The rat is poisoned.
You kill the rat!
* * * LOW HITPOINT WARNING * * *
A giant cockroach comes into view.
Unknown command.
Casting: Sting (safe; 22% risk of failure)
Confirm with . or Enter, or press ? or * to list all spells.
Aiming: Sting (safe; 22% risk of failure)
Press: ? - help, Shift-Dir - straight line, f - giant cockroach, p - adder
Aim: a giant cockroach (71% to hit)
The sting misses the adder.
The sting hits the giant cockroach.
The giant cockroach is poisoned.
You kill the giant cockroach!
* * * LOW HITPOINT WARNING * * *
The adder bites you but does no damage. x2
Unknown command.
Casting: Sting (safe; 22% risk of failure)
Confirm with . or Enter, or press ? or * to list all spells.
Aiming: Sting (safe; 22% risk of failure)
Press: ? - help, Shift-Dir - straight line, f - adder
Aim: an adder (53% to hit)
The sting misses the adder.
* * * LOW HITPOINT WARNING * * *
The adder bites you.
You die...

# ########.
#†##?..$....
#..S>.......
##@# ##..#
######...####.#
...............
######...######
##.## #<# #.#
#.#


You could see an adder.

Vanquished Creatures
  Terence (D:2)
  A worm (D:2)
  A ball python (D:2)
  2 bats
  An endoplasm (D:1)
  A giant cockroach (D:3)
  A hobgoblin (D:1)
  A frilled lizard (D:1)
  2 rats
11 creatures vanquished.

Notes
Turn   | Place    | Note
-------+----------+-------------------------------------------
     0 | D:1      | Spectrina the Djinni Venom Mage began the quest for the
                  | Orb.
     0 | D:1      | Spectrina set off with the following spells memorised:
                  | Sting, Poisonous Vapours, Mephitic Cloud, Olgreb's Toxic
                  | Radiance.
     0 | D:1      | Reached XP level 1. HP: 15/15 MP: 0/0
   146 | D:2      | Reached XP level 2. HP: 20/21 MP: 0/0
   165 | D:2      | Noticed Terence
   189 | D:2      | Gained mutation: You possess an exceptional clarity of
                  | mind. [potion of mutation]
   189 | D:2      | Gained mutation: You are clumsy. (Dex -2) [potion of
                  | mutation]
   191 | D:2      | HP: 1/21 [Terence/+0 flail (5)]
   196 | D:2      | Killed Terence
   197 | D:2      | Reached skill level 3 in Spellcasting
   197 | D:2      | Reached XP level 3. HP: 2/25 MP: 0/0
   197 | D:2      | Learned a level 1 spell: Beastly Appendage
   305 | D:3      | Slain by an adder

Illustrated notes

Levels and vault maps discovered:
D:1:      lightli_arrival_statue_moat, layout_rooms,
          ebering_ecumenical_altar_sacrificial
D:2:      layout_basic, minivault_24, uniq_terence
D:3:      layout_loops_ring, mainiacjoe_overflow_brackets,
          nicolae_tso_carved_into_rock, uniq_ijyb

Skill      XL: |  1  2 |
---------------+-------+-----
Spellcasting   | 3 |  3.4
Dodging        | |  2.1
Stealth        | |  1.5

Action                   || total
-------------------------++-------
 Fire: Sling             ||    17
 Cast: Sting             ||    14
  Use: Potion            ||     3
Armor: Robe              ||     1
       Ring mail         ||     3
Dodge: Dodged            ||     5

Table legend: (Time is in decaauts)
 A = Elapsed time spent in this place.
 B = Non-inter-level travel time spent in this place.
 C = Inter-level travel time spent in this place.
 D = Time resting spent in this place.
 E = Time spent auto-exploring this place.
 F = Levels seen in this place.
 G = Mean time per level.
                   A        B        C        D        E       F      G
               +--------+--------+--------+--------+--------+-----+--------+
         Total |    311 |    311 |      0 |      0 |      0 |   3 |  103.7 |
       Dungeon |    311 |    311 |      0 |      0 |      0 |   3 |  103.7 |
               +--------+--------+--------+--------+--------+-----+--------+

Top non-repeatable levels by time:
     D:2: 178 daAuts
     D:1: 121 daAuts
     D:3: 12 daAuts
